 Dungeon Sprint DCSS version 0.21.1-1-g345015f (webtiles) character file.

259 raistware the Basher (level 6, 0/44 HPs)
             Began as a Gargoyle Berserker on Apr 16, 2018.
             Was a Believer of Trog.
             Slain by a slime creature (8 damage)
             ... in the Dungeon (Sprint I: "Red Sonja").
             The game lasted 00:03:43 (246 turns).

raistware the Basher (Gargoyle Berserker)            Turns: 246, Time: 00:03:44

Health: 0/44       AC: 10    Str: 23    XL:     6   Next: 17%
Magic:  6/6        EV: 11    Int:  7    God:    Trog [**....]
Gold:   162        SH:  0    Dex:  9    Spells: 5/5 levels left

rFire    . . .     SeeInvis .   a - +0 mace
rCold    . . .     Gourm    .   (no shield)
rNeg     + . .     Faith    .   j - +0 ring mail
rPois    ∞         Spirit   .   (no helmet)
rElec    +         Reflect  .   (no cloak)
rCorr    .         Harm     .   (no gloves)
MR       .....     NoTele   +   (no boots)
Stlth    ..........             (no amulet)
HPRegen  0.14/turn              (no ring)
MPRegen  0.10/turn              (no ring)

@: berserk cooldown, hasted and slowed
A: negative energy resistance 1, electricity resistance, unbreathing,
petrification resistance, rot immunity, AC +4
a: Berserk, Trog's Hand, Burn Spellbooks, Renounce Religion


You were in the Dungeon.
You worshipped Trog.
Trog was pleased with you.
You were hungry.

You visited 1 branch You collected 162 gold pieces.

Inventory:

Hand Weapons
 a - a +0 mace (weapon)
Armour
 j - a +0 ring mail (worn)
Scrolls
 i - a scroll of blinking
Potions
 d - a potion of curing
 g - 2 potions of magic
 h - a potion of berserk rage
Comestibles
 c - a ration


   Skills:
 + Level 7.9 Fighting
 * Level 10.2 Maces & Flails
 + Level 4.4 Armour
 - Level 1.5 Dodging


You had 5 spell levels left.
You didn't know any spells.

Dungeon Overview and Level Annotations

Branches:
Dungeon (1/1)

Altars:
Makhleb
Xom
Jiyva
Lugonu


Innate Abilities, Weirdness & Mutations

You are resistant to torment.
Your stone body is resilient. (AC +4)
You are immune to poison.
You resist negative energy. (rN+)
You are resistant to electric shocks. (rElec)
You can survive without breathing.
You are immune to petrification.
You are immune to rotting.


Message History

The slime creature hits you!
* * * LOW HITPOINT WARNING * * *
You feel much better.
The slime creature hits you but does no damage.
You feel yourself speed up. The slime creature hits you!
* * * LOW HITPOINT WARNING * * *
The slime creature closely misses you.
You hit the slime creature.
The slime creature is moderately wounded.
You hit the slime creature.
The slime creature is moderately wounded.
The slime creature misses you.
You sock the slime creature!
The slime creature is heavily wounded.
The slime creature hits you.
* * * LOW HITPOINT WARNING * * *
You hit the slime creature.
The slime creature is heavily wounded.
The slime creature hits you!
You die...

################ ##
#<.#..)..#..'..#__#
#..)..#..'@J#..'^.+
#..#####'#####+#__#
#..# #.[# ## #..#
#### #..# #⌠⌠# ####


You could see a slime creature.

Vanquished Creatures
  Sigmund (D)
  An ogre (D)
  Ijyb (D)
3 creatures vanquished.

Notes
Turn   | Place    | Note
-------+----------+-------------------------------------------
     0 | D        | raistware the Gargoyle Berserker began the quest for the Orb.
     0 | D        | Reached XP level 1. HP: 14/14 MP: 1/1
     2 | D        | Noticed Ijyb
     8 | D        | Killed Ijyb
     8 | D        | Reached skill level 5 in Maces & Flails
     8 | D        | Reached XP level 2. HP: 20/20 MP: 2/2
     8 | D        | Reached XP level 3. HP: 24/24 MP: 3/3
    48 | D        | Noticed an ogre
    52 | D        | Killed an ogre
    52 | D        | Reached skill level 7 in Maces & Flails
    52 | D        | Reached XP level 4. HP: 22/32 MP: 4/4
   213 | D        | Noticed Sigmund
   221 | D        | Killed Sigmund
   221 | D        | Reached ** piety under Trog
   221 | D        | Reached skill level 10 in Maces & Flails
   221 | D        | Reached XP level 5. HP: 39/39 MP: 5/5
   221 | D        | Reached XP level 6. HP: 44/44 MP: 6/6
   233 | D        | Found a burning altar of Makhleb.
   233 | D        | Found a viscous altar of Jiyva.
   233 | D        | Found a shimmering altar of Xom.
   233 | D        | Found a corrupted altar of Lugonu.
   233 | D        | Noticed a slime creature
   246 | D        | Slain by a slime creature

Skill      XL: |  1  2  3  4 |
---------------+-------------+-----
Fighting       | 4 6 7 |  7.9
Maces & Flails | 5 7 10 | 10.2
Armour         | 3 4 |  4.4
Dodging        | |  1.5

Action                   |  1- 3 |  4- 6 || total
-------------------------+-------+-------++-------
Melee: Mace              |     9 |    11 ||    20
Invok: Berserk           |     2 |     1 ||     3
  Use: Potion            |       |     2 ||     2
Armor: Animal skin       |     1 |       ||     1
       Ring mail         |       |     3 ||     3
Dodge: Dodged            |     2 |     3 ||     5
